 Dungeon Crawl Stone Soup version 0.27.1-3-gb3d3a73c9e (webtiles) character file.

Game seed: 10381763627502329828

2258 Urokeeper the Covert (level 9, -4/55 HPs)
             Began as a Kobold Brigand on Oct 13, 2021.
             Was a Follower of Uskayaw.
             Slain by an orc warrior (23 damage)
             ... on level 8 of the Dungeon.
             The game lasted 00:27:47 (9457 turns).

Urokeeper the Covert (Kobold Brigand)               Turns: 9457, Time: 00:27:48

Health: -4/55      AC:  5    Str:  9    XL:     9   Next: 64%
Magic:  9/9        EV: 18    Int: 12    God:    Uskayaw [*.....]
Gold:   455        SH:  5    Dex: 19    Spells: 8/8 levels left

rFire    + . .     SeeInvis .   I - +4 scimitar (freeze)
rCold    + . .     Faith    .   (shield restricted)
rNeg     . . .     Spirit   .   J - +0 robe {rC+ rF+}
rPois    .         Reflect  +   u - +1 helmet
rElec    .         Harm     .   c - +0 cloak
rCorr    .         Rampage  .   (no gloves)
Will     .....                  (no boots)
Stlth    ++++++....             f - amulet of reflection
HPRegen  0.18/turn              (no ring)
MPRegen  0.11/turn              (no ring)

@: no status effects
A: small, no large weapons, nightstalker 3
a: Renounce Religion, Stomp


You were on level 8 of the Dungeon.
You worshipped Uskayaw.
Uskayaw was noncommittal.
You visited 2 branches of the dungeon, and saw 9 of its levels.
You also visited: Bailey.

You collected 455 gold pieces.

Inventory:

Hand Weapons
 a - a +2 dagger
 o - a +2 dagger of speed
 v - a +0 dagger of flaming
 x - a +1 hand axe of freezing
 I - a +4 scimitar of freezing (weapon)
 K - a +1 vampiric dagger
Missiles
 b - a datura-tipped dart (quivered)
 d - 24 poisoned darts
 i - 2 throwing nets
 L - 56 boomerangs
Armour
 c - a +0 cloak (worn)
 e - a +0 leather armour
 r - the +0 leather armour of Jigsaw {rElec rCorr Str-4 SInv}
   (You found it on level 4 of the Dungeon)

   Str:       It affects your strength (-4).
   rElec:     It insulates you from electricity.
   SInv:      It lets you see invisible.
   rCorr:     It protects you from acid and corrosion.
 u - a +1 helmet (worn)
 A - a +2 robe of willpower
 B - a +0 kite shield
 D - a +1 ring mail of fire resistance
 J - a +0 robe of resistance (worn)
Jewellery
 f - an amulet of reflection (around neck)
Wands
 y - a wand of digging (11)
 z - a wand of flame (18)
 C - a wand of mindburst (15)
 H - a wand of acid (7)
 M - a wand of iceblast (5)
Scrolls
 j - a scroll of acquirement {unknown}
 k - a scroll of enchant armour {unknown}
 m - a scroll of fog
 s - 2 scrolls of holy word
 t - a scroll of vulnerability {unknown}
 G - a scroll of immolation {unknown}
Potions
 g - a potion of berserk rage {unknown}
 h - 2 potions of lignification {unknown}
 l - 3 potions of curing
 n - a potion of cancellation {unknown}
 p - 3 potions of heal wounds {unknown}
 q - 2 potions of attraction {unknown}
 w - a potion of magic {unknown}
 E - a potion of degeneration {unknown}
 F - a potion of flight


   Skills:
 + Level 5.8 Fighting
 - Level 9.5 Short Blades
 - Level 2.1 Throwing
 + Level 6.0 Dodging
 - Level 11.2 Stealth


You had 8 spell levels left.
You didn't know any spells.
Your spell library contained the following spells:

 Spells                   Type           Power      Damage    Failure   Level
 Dispersal                Tloc           0%         N/A       100%        6
 Disjunction              Tloc           0%         N/A       100%        8


Dungeon Overview and Level Annotations

Branches:
Dungeon (8/15)             Temple (1/1) D:5          Bailey (visited)
   Lair: D:8-11

Altars:
Ashenzari
Cheibriados
Dithmenos
Elyvilon
Fedhas
Gozag
Hepliaklqana
Kikubaaqudgha
Makhleb
Nemelex Xobeh
Okawaru
Qazlal
Sif Muna
Trog
Uskayaw
Vehumet
Wu Jian
Xom
Yredelemnul
Zin
The Shining One

Shops:
D:2 [

Annotations:
D:6 3 runed translucent doors, karkarkar's ghost, novice MiBe
D:7 Dowan; Duvessa; Joseph


Innate Abilities, Weirdness & Mutations

You are small and have problems with some larger weapons.
You are completely attuned to the shadows.


Message History

The orc warrior closely misses you.
You are too confused!
The orc warrior hits you with a +0 glaive!
You're too confused to move!
The orc wizard closely misses you.
The orc warrior hits you with a +0 glaive!
The orc warrior closely misses you.
You're too confused to move!
The orc wizard barely misses you. The orc warrior misses you.
You feel less confused.
The orc wizard points at you and mumbles some strange words.
You easily resist.
The orc warrior misses you.
The orc wizard hits you with a +0 dagger.
The orc warrior barely misses you.
You barely miss the orc wizard. The orc wizard casts a spell at you.
You are confused.
The orc warrior hits you with a +0 glaive!
The orc wizard hits you with a +0 dagger.
The orc warrior misses you. The orc wizard barely misses you.
The orc warrior closely misses you.
You slash the orc wizard! You freeze the orc wizard.
The orc wizard is severely wounded.
The orc warrior barely misses you. The orc wizard closely misses you.
You feel less confused.
The orc wizard mumbles some strange words.
The orc wizard flickers and vanishes!
Deactivating autopickup; reactivate with Ctrl-A.
Throw: 3 darts (datura)
Press: ? - help, Q - select action, (/) - cycle Shift-Dir - straight line, f - orc warrior
Aim: an orc warrior, wielding a +0 glaive and wearing a +0 chain mail (moderately wounded, 61% to hit, chance to frenzy on hit: 83%)
You throw a datura-tipped dart.
The datura-tipped dart closely misses the orc warrior.
The orc warrior hits you with a +0 glaive.
Throw: 2 darts (datura)
Press: ? - help, Q - select action, (/) - cycle Shift-Dir - straight line, f/p - orc warrior
Aim: an orc warrior, wielding a +0 glaive and wearing a +0 chain mail (moderately wounded, 61% to hit, chance to frenzy on hit: 83%)
You throw a datura-tipped dart.
The datura-tipped dart closely misses the orc warrior.
The orc warrior hits you with a +0 glaive!!
You die...

#.##..... #.##.....
#.##..... #.##.....
#.##..... #.#
#########. #.#
#......... #.#
#..@o..(.. #.#
#..........#.#
#........#.#.# #####
#........#.#.# #....
#........#...###[...
#...................
#........##..###....
####'####'#.###...#....
#...........###.#.#....


You could see an orc warrior.

Vanquished Creatures
  Sigmund (D:5)
  3 vampire mosquitoes
  An orc warrior (Bailey)
  A sky beast (D:6)
  An ogre (D:5)
  A phantom (D:4)
  2 gnoll sergeants (D:6)
  3 scorpions
  4 wights (D:7)
  A howler monkey (D:8)
  A bullfrog skeleton (D:5)
  5 hounds
  An orc priest (D:3)
  A centaur skeleton (D:7)
  An iguana (D:5)
  2 orc wizards
  A killer bee zombie (D:5)
  9 gnolls (D:6)
  13 adders
  3 white imps
  2 ufetubi
  An adder skeleton (D:4)
  A worm (D:4)
  4 dart slugs (D:1)
  22 orcs
  8 ball pythons
  6 endoplasms
  2 giant cockroaches
  17 goblins
  10 hobgoblins
  20 kobolds
  2 quokkas (D:4)
  4 bats
  4 frilled lizards
  10 rats
168 creatures vanquished.

Vanquished Creatures (collateral kills)
  4 orc warriors (Bailey)
  A hobgoblin (Bailey)
  A kobold (Bailey)
6 creatures vanquished.

Grand Total: 174 creatures vanquished

Notes
Turn   | Place    | Note
-------+----------+-------------------------------------------
     0 | D:1      | Urokeeper the Kobold Brigand began the quest for the Orb.
     0 | D:1      | Reached XP level 1. HP: 12/12 MP: 1/1
    51 | D:1      | Reached XP level 2. HP: 17/17 MP: 2/2
   650 | D:1      | Reached XP level 3. HP: 21/21 MP: 3/3
   662 | D:1      | Reached skill level 6 in Stealth
   751 | D:1      | Found a faded altar of an unknown god.
  1366 | D:2      | Reached XP level 4. HP: 24/26 MP: 4/4
  2142 | D:2      | Found Jootout's Armour Shoppe.
  2150 | D:2      | Reached XP level 5. HP: 30/30 MP: 5/5
  2308 | D:3      | Reached skill level 5 in Short Blades
  2308 | D:3      | Reached skill level 7 in Stealth
  2806 | D:3      | Reached XP level 6. HP: 35/35 MP: 6/6
  3340 | D:4      | Identified the +0 leather armour of Jigsaw {rElec rCorr
                  | Str-4 SInv}
  3617 | D:4      | Reached skill level 8 in Stealth
  4195 | D:5      | Entered Level 5 of the Dungeon
  4217 | D:5      | Reached XP level 7. HP: 36/40 MP: 7/7
  4332 | D:5      | Noticed a vampire mosquito
  4455 | D:5      | Reached skill level 9 in Stealth
  4481 | D:5      | Found a staircase to the Ecumenical Temple.
  4522 | Temple   | Entered the Ecumenical Temple
  4925 | Temple   | Became a worshipper of Uskayaw the Reveller
  4972 | D:5      | Reached * piety under Uskayaw
  4987 | D:5      | Reached ** piety under Uskayaw
  5114 | D:5      | Noticed a vampire mosquito
  5116 | D:5      | Killed a vampire mosquito
  5117 | D:5      | Reached XP level 8. HP: 44/44 MP: 8/8
  5706 | D:5      | Reached skill level 10 in Stealth
  5772 | D:5      | Noticed Sigmund
  5774 | D:5      | Killed Sigmund
  5845 | D:6      | Found a runed translucent gate.
  5846 | D:6      | Found a runed translucent gate.
  5846 | D:6      | Found a runed translucent gate.
  5849 | D:6      | Noticed karkarkar's ghost (novice MiBe)
  5896 | D:6      | Reached *** piety under Uskayaw
  5970 | D:6      | Reached skill level 11 in Stealth
  5974 | D:6      | Reached **** piety under Uskayaw
  7982 | D:6      | Reached XP level 9. HP: 51/51 MP: 9/9
  8306 | D:7      | Noticed Dowan
  8308 | D:7      | Noticed Joseph
  8309 | D:7      | Noticed Duvessa
  8374 | D:8      | Reached skill level 5 in Fighting
  8374 | D:8      | Reached skill level 5 in Dodging
  8549 | D:8      | Found a flagged portal.
  8604 | Bailey   | Entered a bailey
  9457 | D:8      | Slain by an orc warrior

Illustrated notes

Levels and vault maps discovered:
D:1:      psy_arrival_spokes, layout_basic,
          shapermc_ecumenical_altar_mp_highgroup
D:2:      layout_rooms, serial_shops, nicolae_square_shop
D:3:      layout_rooms
D:4:      layout_loops_ring
D:5:      layout_basic, minmay_temple_entry_mist, corexii_checkpoint_b,
          minmay_fractal_squares_gapless_5, uniq_sigmund
D:6:      layout_basic, biasface_ghost_orc_armoury, kennysheep_cross_bottleneck
D:7:      layout_gridville, the_hattery, uniq_joseph, uniq_menkaure,
          uniq_duvessa
D:8:      statuecave_lemuel, layout_basic, enter_bailey_5,
          minmay_misc_feat_alley
Temple:   regret_index_temple_sigil_plot

Skill      XL: |  1  2  3  4  5  6  7  8  9 |
---------------+----------------------------+-----
Short Blades   | 3 4 5 6 8 9 |  9.5
Stealth        | 6 7 8 9 11 | 11.2
Dodging        | 3 6 |  6.0
Fighting       | 3 5 |  5.8
Throwing       | |  2.1

Action                   |  1- 3 |  4- 6 |  7- 9 || total
-------------------------+-------+-------+-------++-------
Melee: Dagger            |    79 |   245 |   414 ||   738
       Scimitar          |       |       |    38 ||    38
Throw: Dart              |       |     3 |     9 ||    12
Invok: Line Pass         |       |       |     1 ||     1
  Use: Scroll            |     1 |     1 |     5 ||     7
       Potion            |       |     1 |     5 ||     6
 Stab: Sleeping          |    12 |    32 |    18 ||    62
       Distracted        |     1 |       |     1 ||     2
       Invisible         |       |     1 |       ||     1
       Paralysed         |       |       |     8 ||     8
Armor: Robe              |    11 |    11 |    10 ||    32
       Leather armour    |       |    12 |    24 ||    36
Dodge: Dodged            |    32 |    90 |   140 ||   262
Block: Other             |     5 |    28 |    45 ||    78
       Kite shield       |       |       |     7 ||     7
       Reflection        |       |       |     5 ||     5
       Rpst.: Scimitar   |       |       |     6 ||     6
